[Event "EYCC Girls U16 2021"]
[Site "Tornelo"]
[Date "2021.10.15"]
[Round "8.10"]
[White "Hertlein, Irena"]
[Black "Mroz, Lena"]
[Result "1-0"]
[ECO "D02"]
[WhiteElo "1741"]
[BlackElo "1775"]
[Annotator "NA"]
[PlyCount "69"]
[EventDate "2021.10.15"]
[EventType "swiss"]
[EventCountry "NET"]
[SourceTitle "playchess.com"]
[Source "ChessBase"]
[SourceQuality "1"]
[TimeControl "5400+30"]

1. d4 d5 2. Nf3 Nf6 3. Bf4 e6 4. e3 c5 5. c3 Nc6 6. Nbd2 Bd6 7. Bg3 O-O 8. Bd3 b6 9. e4 Be7 10. e5 Nh5 11. Ng5 Bxg5 12. Qxh5 g6 13. Qe2 Bh6 14. h4 cxd4 15. h5 Bg7 16. Nf3 dxc3 17. bxc3 f5 18. hxg6 hxg6 19. Bf4 Qc7 20. Kf1 Rd8 21. Qe3 a5 22. Re1 Ba6 23. Bxa6 Rxa6 24. Ng5 Qe7 25. Rh7 d4 26. Qf3 b5 27. cxd4 Nxd4 28. Qh3 Qc7 29. Rc1 Qe7 30. Nf3 Nxf3 31. Bh6 Ng5 32. Bxg5 Rd1+ 33. Rxd1 Qxg5 34. Rxg7+ Kxg7 35. Rd7+ 1-0

[Event "EYCC Girls U16 2021"]
[Site "Tornelo"]
[Date "2021.10.15"]
[Round "8.11"]
[White "Tzakosta, Konstantina"]
[Black "Dietz, Kristin"]
[Result "1-0"]
[ECO "B22"]
[WhiteElo "1089"]
[BlackElo "1924"]
[Annotator "ChessBase"]
[PlyCount "83"]
[EventDate "2021.10.15"]
[EventType "swiss"]
[EventCountry "NET"]
[SourceTitle "playchess.com"]
[Source "ChessBase"]
[SourceQuality "1"]
[TimeControl "5400+30"]

1. e4 c5 2. c3 Nf6 3. e5 Nd5 4. d4 cxd4 5. cxd4 d6 6. Nf3 Nc6 7. Bc4 e6 8. Bxd5 exd5 9. h3 Be7 10. O-O O-O 11. Nc3 Be6 12. Bf4 dxe5 13. dxe5 a6 14. a3 Qd7 15. Qd3 Rfd8 16. Rad1 Rac8 17. Rd2 Qc7 18. Ng5 Bxg5 19. Bxg5 Rd7 20. f4 h6 21. Bxh6 gxh6 22. f5 Bxf5 23. Qxf5 Nxe5 24. Nxd5 Qc5+ 25. Kh1 Rxd5 26. Rxd5 Qxd5 27. Qxc8+ Kg7 28. Qc3 f6 29. Qc7+ Kg6 30. Qc2+ Kg7 31. Rd1 Qb5 32. Qf2 Qb3 33. Rf1 Qe6 34. Qg3+ Kf7 35. Qh4 Kg7 36. Qe4 Qb6 37. Qb4 Qc7 38. Rd1 Kf7 39. Qd6 Qc2 40. Rf1 Qxb2 41. Rxf6+ Ke8 42. Rf8# 1-0

[Event "EYCC Girls U16 2021"]
[Site "Tornelo"]
[Date "2021.10.15"]
[Round "8.12"]
[White "Sulyok, Eszter"]
[Black "Russeva, Viktoria"]
[Result "1/2-1/2"]
[ECO "A18"]
[WhiteElo "1913"]
[BlackElo "1713"]
[Annotator "ChessBase"]
[PlyCount "153"]
[EventDate "2021.10.15"]
[EventType "swiss"]
[EventCountry "NET"]
[SourceTitle "playchess.com"]
[Source "ChessBase"]
[SourceQuality "1"]
[TimeControl "5400+30"]

1. c4 Nf6 2. Nc3 e6 3. e4 d5 4. e5 d4 5. exf6 dxc3 6. bxc3 Qxf6 7. d4 b6 8. Be2 Bb7 9. Bf3 Bxf3 10. Nxf3 Bd6 11. Qa4+ c6 12. Bg5 Qf5 13. O-O O-O 14. Rab1 Rc8 15. Rxb6 e5 16. dxe5 Bxe5 17. Rb7 a5 18. Qa3 Na6 19. Nxe5 Qxe5 20. Be3 Nc7 21. Bd4 Qf5 22. Qc5 Qg6 23. Ra7 Rxa7 24. Qxa7 Ne6 25. Be3 Qe4 26. Qxa5 Qxc4 27. h3 h6 28. a4 Rb8 29. Rc1 Rb3 30. Qa8+ Kh7 31. Qa7 Nf4 32. Bxf4 Qxf4 33. Re1 Rxc3 34. a5 Ra3 35. Qc5 Ra2 36. Rf1 Qg5 37. Qxg5 hxg5 38. Rc1 Rxa5 39. Rxc6 Ra2 40. g3 f5 41. Kg2 Ra3 42. Re6 f4 43. gxf4 gxf4 44. h4 g6 45. Rf6 g5 46. hxg5 Ra5 47. Kf3 Rxg5 48. Kxf4 Ra5 49. Rf5 Ra6 50. Rg5 Rf6+ 51. Kg3 Kh6 52. Ra5 Kg6 53. f4 Rb6 54. Kg4 Kf6 55. Rh5 Kg7 56. Rc5 Kf6 57. Rc8 Ra6 58. Rf8+ Kg7 59. Rf5 Kg6 60. Rb5 Kf6 61. Rb4 Rc6 62. Ra4 Rb6 63. f5 Rb1 64. Ra6+ Kf7 65. Ra4 Rg1+ 66. Kf4 Rf1+ 67. Ke5 Re1+ 68. Kd5 Rd1+ 69. Rd4 Rxd4+ 70. Kxd4 Kf6 71. Ke4 Kf7 72. Ke5 Ke7 73. f6+ Kf7 74. Kf5 Kf8 75. Kg6 Kg8 76. f7+ Kf8 77. Kf6 1/2-1/2

[Event "EYCC Girls U16 2021"]
[Site "Tornelo"]
[Date "2021.10.15"]
[Round "9.1"]
[White "Zvereva, Margarita"]
[Black "Allahverdiyeva, Ayan"]
[Result "0-1"]
[ECO "B85"]
[WhiteElo "2013"]
[BlackElo "2051"]
[Annotator "ChessBase"]
[PlyCount "66"]
[EventDate "2021.10.15"]
[EventType "swiss"]
[EventCountry "NET"]
[SourceTitle "playchess.com"]
[Source "ChessBase"]
[SourceQuality "1"]
[TimeControl "5400+30"]

1. e4 c5 2. Nf3 d6 3. d4 cxd4 4. Nxd4 Nf6 5. Nc3 a6 6. Be2 e6 7. a4 Be7 8. O-O Qc7 9. Kh1 O-O 10. f4 Nc6 11. Be3 Bd7 12. Nb3 b6 13. Bf3 Rfe8 14. g4 Bc8 15. g5 Nd7 16. Bg2 Bb7 17. Qe2 Bf8 18. Qf2 Nb4 19. Nd4 g6 20. Rae1 e5 21. Nf3 exf4 22. Bxf4 Rad8 23. Qd2 Nc5 24. Nd4 Qc8 25. b3 Qa8 26. e5 dxe5 27. Bxe5 Rxe5 28. Rxe5 Rxd4 29. Qxd4 Bxg2+ 30. Kg1 Bxf1 31. Kxf1 Qh1+ 32. Kf2 Qxh2+ 33. Kf1 Nc6 0-1

[Event "EYCC Girls U16 2021"]
[Site "Tornelo"]
[Date "2021.10.15"]
[Round "9.2"]
[White "Kanyamarala, Trisha"]
[Black "Pipiras, Filipa Fortuna"]
[Result "1/2-1/2"]
[ECO "D05"]
[WhiteElo "2082"]
[BlackElo "1995"]
[Annotator "ChessBase"]
[PlyCount "139"]
[EventDate "2021.10.15"]
[EventType "swiss"]
[EventCountry "NET"]
[SourceTitle "playchess.com"]
[Source "ChessBase"]
[SourceQuality "1"]
[TimeControl "5400+30"]

1. d4 d5 2. Nf3 Nf6 3. e3 e6 4. Bd3 c5 5. b3 Nc6 6. O-O Bd6 7. Bb2 O-O 8. Nbd2 b6 9. a3 Bb7 10. c4 Rc8 11. Re1 Bb8 12. Rc1 Qe7 13. Qc2 cxd4 14. exd4 h6 15. Qd1 Rfd8 16. Bb1 a5 17. Nf1 a4 18. Ne3 axb3 19. cxd5 Nxd5 20. Nxd5 Rxd5 21. Qxb3 Rdd8 22. Qd3 g6 23. Qe3 Kh7 24. h4 h5 25. Ng5+ Kg8 26. Ne4 e5 27. d5 Rxd5 28. Qh6 Rb5 29. Ng5 Qf6 30. Ba2 Rc7 31. Ne4 Qg7 32. Qd2 Rc8 33. Ng5 Rc7 34. Qe2 Rc5 35. Rcd1 Qf6 36. Ne4 Qxh4 37. Nxc5 bxc5 38. Bd5 Rc8 39. Qf3 Qe7 40. Qg3 Qf6 41. Qf3 Qe7 42. Qe3 Kh7 43. Bc1 Kg8 44. Qg3 Qf6 45. Bg5 Qf5 46. Be3 e4 47. Qg5 Qxg5 48. Bxg5 Be5 49. Rxe4 Bd4 50. Rf4 Rc7 51. Rc1 Kg7 52. Re4 Rd7 53. Bxc6 Bxc6 54. Ree1 Ra7 55. Be3 Bd5 56. Bxd4+ cxd4 57. Rcd1 Rxa3 58. Rxd4 Be6 59. Rde4 Bf5 60. R4e3 Ra4 61. Rc1 Ra6 62. Re7 Kf6 63. Rec7 Be6 64. R1c3 Ra1+ 65. Rc1 Ra6 66. Kh2 Rb6 67. R7c3 Rb2 68. R1c2 Rb7 69. Rf3+ Bf5 70. Rc1 1/2-1/2

[Event "EYCC Girls U16 2021"]
[Site "Tornelo"]
[Date "2021.10.15"]
[Round "9.3"]
[White "Tsotsonava, Elene"]
[Black "Shpakivskaya, Alina"]
[Result "1-0"]
[ECO "C03"]
[WhiteElo "1887"]
[BlackElo "1875"]
[Annotator "NA"]
[PlyCount "85"]
[EventDate "2021.10.15"]
[EventType "swiss"]
[EventCountry "NET"]
[SourceTitle "playchess.com"]
[Source "ChessBase"]
[SourceQuality "1"]
[TimeControl "5400+30"]

1. e4 e6 2. d4 d5 3. Nd2 Be7 4. Bd3 c5 5. dxc5 Bxc5 6. Ngf3 Nf6 7. Qe2 O-O 8. O-O Nc6 9. c3 a6 10. a4 b6 11. h4 h6 12. Bc2 a5 13. Bd3 Bb7 14. e5 Nd7 15. Re1 Be7 16. Nf1 Bxh4 17. Bb1 Re8 18. Qc2 Nf8 19. Be3 Be7 20. Ba2 Bc5 21. Rad1 Qc7 22. Bb1 Ne7 23. Bc1 Rec8 24. Ng3 Neg6 25. Nh5 Be7 26. Rd4 Qd7 27. Nh2 Rc4 28. Ng4 Rxd4 29. cxd4 Qc6 30. Qd3 Qc4 31. Qe3 Bg5 32. f4 Bh4 33. g3 Be7 34. b3 Qc6 35. Qf3 Bb4 36. Rf1 Ba6 37. f5 exf5 38. Nxh6+ gxh6 39. Nf6+ Kg7 40. Bxf5 Bxf1 41. Qe3 Nh7 42. Qxh6+ Kh8 43. Qxh7# 1-0

[Event "EYCC Girls U16 2021"]
[Site "Tornelo"]
[Date "2021.10.15"]
[Round "9.4"]
[White "Hakobyan, Astghik"]
[Black "Follana Albelda, Lucia"]
[Result "1-0"]
[ECO "B53"]
[WhiteElo "2017"]
[BlackElo "1904"]
[Annotator "NA"]
[PlyCount "87"]
[EventDate "2021.10.15"]
[EventType "swiss"]
[EventCountry "NET"]
[SourceTitle "playchess.com"]
[Source "ChessBase"]
[SourceQuality "1"]
[TimeControl "5400+30"]

1. e4 c5 2. Nf3 d6 3. d4 cxd4 4. Qxd4 Nc6 5. Qe3 Nf6 6. Be2 e6 7. O-O Be7 8. h3 d5 9. exd5 Nxd5 10. Qb3 O-O 11. c4 Ndb4 12. Rd1 Qc7 13. a3 Na6 14. Nc3 e5 15. Nd5 Qb8 16. Qc3 Bc5 17. Be3 e4 18. Nd4 Nxd4 19. Bxd4 Bxd4 20. Qxd4 Re8 21. b4 Bf5 22. c5 Nc7 23. Ne3 Bg6 24. Nc4 Nb5 25. Qe3 Rf8 26. a4 Nc7 27. Ne5 Re8 28. Nxg6 hxg6 29. Rd7 Ne6 30. Bc4 Qe5 31. Rad1 Rab8 32. Bd5 Nd8 33. b5 Kh8 34. Bxf7 Rf8 35. Bxg6 Ne6 36. R7d5 Qb2 37. Rh5+ Kg8 38. Bh7+ Kf7 39. Qxe4 Ke7 40. Bf5 Rf6 41. Rd6 Qa1+ 42. Kh2 Qa2 43. Rxe6+ Rxe6 44. Bxe6 1-0

[Event "EYCC Girls U16 2021"]
[Site "Tornelo"]
[Date "2021.10.15"]
[Round "9.5"]
[White "Tokmakova, Ulyana"]
[Black "Kara, Gulce Nehir"]
[Result "0-1"]
[ECO "B44"]
[WhiteElo "1977"]
[BlackElo "1766"]
[Annotator "ChessBase"]
[PlyCount "154"]
[EventDate "2021.10.15"]
[EventType "swiss"]
[EventCountry "NET"]
[SourceTitle "playchess.com"]
[Source "ChessBase"]
[SourceQuality "1"]
[TimeControl "5400+30"]

1. c4 Nf6 2. Nc3 e6 3. e4 c5 4. Nf3 Nc6 5. d4 cxd4 6. Nxd4 Bb4 7. Nxc6 bxc6 8. Bd3 e5 9. O-O O-O 10. Bg5 h6 11. Bh4 Bc5 12. Qc2 g5 13. Bg3 d6 14. Be2 Be6 15. Rad1 Qe7 16. Kh1 Rab8 17. b3 Bd4 18. f3 Nh5 19. Be1 Nf4 20. g3 Ng6 21. f4 Bh3 22. Rf3 g4 23. Rfd3 Bxc3 24. Bxc3 exf4 25. R3d2 f3 26. Bd3 Ne5 27. Bxe5 Bg2+ 28. Kg1 Qxe5 29. Qb2 Qc5+ 30. Rf2 Rfe8 31. Qf6 Re6 32. Qf5 Qxf5 33. exf5 Re5 34. Rc2 Rbe8 35. Kf2 a5 36. a3 c5 37. Rb1 d5 38. cxd5 Rxd5 39. Bc4 Rxf5 40. b4 axb4 41. axb4 cxb4 42. Rxb4 Rfe5 43. Bb5 Re4 44. Rxe4 Rxe4 45. Bd3 Ra4 46. Ke3 Kg7 47. Rc4 Ra3 48. Rxg4+ Kf8 49. Rd4 Bf1 50. Kd2 Bxd3 51. Rxd3 f2 52. Rxa3 f1=Q 53. Re3 Kg7 54. Re2 Kg6 55. Ke3 Kg5 56. Rf2 Qc1+ 57. Kf3 Qc6+ 58. Ke3 f5 59. Rf4 Qc1+ 60. Kf2 Qd2+ 61. Kg1 Qd1+ 62. Kg2 Qe2+ 63. Kg1 h5 64. h4+ Kf6 65. Rf2 Qe1+ 66. Kg2 Ke5 67. Rf4 Qe3 68. Ra4 Qe2+ 69. Kh3 Qd1 70. Ra2 Qh1+ 71. Rh2 Qf1+ 72. Rg2 Ke4 73. Kh2 Kf3 74. Ra2 Qf2+ 75. Rxf2+ Kxf2 76. g4 fxg4 77. Kh1 Kg3 0-1

[Event "EYCC Girls U16 2021"]
[Site "Tornelo"]
[Date "2021.10.15"]
[Round "9.6"]
[White "Zabrzanska, Weronika"]
[Black "Shuqja, Klean"]
[Result "1/2-1/2"]
[ECO "C01"]
[WhiteElo "1892"]
[BlackElo "1877"]
[Annotator "NA"]
[PlyCount "54"]
[EventDate "2021.10.15"]
[EventType "swiss"]
[EventCountry "NET"]
[SourceTitle "playchess.com"]
[Source "ChessBase"]
[SourceQuality "1"]
[TimeControl "5400+30"]

1. e4 e6 2. d4 d5 3. exd5 exd5 4. Nf3 Bg4 5. Bd3 Bd6 6. h3 Bh5 7. O-O Nc6 8. Re1+ Nge7 9. c3 Qd7 10. b4 a6 11. a4 f6 12. Nbd2 O-O 13. Nf1 Bg6 14. Ne3 Bxd3 15. Qxd3 Bf4 16. Nf1 Bxc1 17. Raxc1 Nf5 18. Ne3 Nxe3 19. Rxe3 Ne7 20. Rce1 Ng6 (20... Nf5 $5 21. R3e2 Nd6 $11) 21. Qd1 Rfe8 $11 22. Rxe8+ Rxe8 23. Rxe8+ Qxe8 24. Qe1 Qd7 25. Qe2 Nf4 26. Qe3 Ne6 27. Nh4 Kf7 1/2-1/2

[Event "EYCC Girls U16 2021"]
[Site "Tornelo"]
[Date "2021.10.15"]
[Round "9.7"]
[White "Hertlein, Irena"]
[Black "Mihelic, Vesna"]
[Result "1-0"]
[ECO "C60"]
[WhiteElo "1741"]
[BlackElo "1882"]
[Annotator "NA"]
[PlyCount "99"]
[EventDate "2021.10.15"]
[EventType "swiss"]
[EventCountry "NET"]
[SourceTitle "playchess.com"]
[Source "ChessBase"]
[SourceQuality "1"]
[TimeControl "5400+30"]

1. e4 e5 2. Nf3 Nc6 3. Bb5 g6 4. d4 exd4 5. Bg5 Be7 6. Bxe7 Qxe7 7. Bxc6 dxc6 8. Qxd4 Nf6 9. Nc3 Bg4 10. Nd2 O-O 11. f3 Rfd8 12. Qe3 Be6 13. O-O-O b5 14. g4 b4 15. Na4 Bxa2 16. Rhe1 Be6 17. h4 Nxg4 18. fxg4 Bxg4 19. Nf3 Qf6 20. Rxd8+ Rxd8 21. Rf1 Bxf3 22. Qxf3 Qxf3 23. Rxf3 Kg7 24. Nc5 a5 25. b3 Re8 26. Rf4 Re5 27. Nb7 f5 28. exf5 gxf5 29. Nd8 Kf6 30. Nxc6 Rc5 31. Nd4 Ke5 32. Ne2 Rd5 33. Rc4 c5 34. Nf4 Rd4 35. Nd3+ Ke4 36. Nxc5+ Ke3 37. Rxd4 Kxd4 38. Nb7 Ke3 39. Kd1 Kf2 40. Nxa5 f4 41. Nc6 f3 42. Nxb4 Kg3 43. Nd3 Kxh4 44. Ke1 Kg3 45. b4 h5 46. b5 h4 47. b6 h3 48. b7 h2 49. b8=Q+ Kh3 50. Nf2+ 1-0

[Event "EYCC Girls U16 2021"]
[Site "Tornelo"]
[Date "2021.10.15"]
[Round "9.8"]
[White "Chuchukova, Stefani"]
[Black "Bashylina, Luisa"]
[Result "1-0"]
[ECO "D91"]
[WhiteElo "1698"]
[BlackElo "2127"]
[Annotator "ChessBase"]
[PlyCount "49"]
[EventDate "2021.10.15"]
[EventType "swiss"]
[EventCountry "NET"]
[SourceTitle "playchess.com"]
[Source "ChessBase"]
[SourceQuality "1"]
[TimeControl "5400+30"]

1. d4 Nf6 2. Bg5 g6 3. Nf3 Bg7 4. c4 d5 5. Nc3 Ne4 6. Bh4 Nxc3 7. bxc3 dxc4 8. e4 b5 9. a4 c6 10. Be2 O-O 11. O-O Bb7 12. Rb1 Ba6 13. Qc1 Qd7 14. Qa3 e6 15. e5 Bb7 16. Nd2 Na6 17. Ne4 Kh8 18. Nf6 Qc7 19. f4 Rab8 20. Bf3 Bc8 21. Be4 Qb6 22. Rf3 b4 23. Qc1 c5 24. Rh3 cxd4 25. cxd4 1-0

[Event "EYCC Girls U16 2021"]
[Site "Tornelo"]
[Date "2021.10.15"]
[Round "9.9"]
[White "Lomaia, Diana"]
[Black "Tzakosta, Konstantina"]
[Result "1/2-1/2"]
[ECO "D35"]
[WhiteElo "2111"]
[BlackElo "1089"]
[Annotator "ChessBase"]
[PlyCount "79"]
[EventDate "2021.10.15"]
[EventType "swiss"]
[EventCountry "NET"]
[SourceTitle "playchess.com"]
[Source "ChessBase"]
[SourceQuality "1"]
[TimeControl "5400+30"]

1. d4 d5 2. c4 Nf6 3. Nc3 e6 4. cxd5 exd5 5. Bg5 Be7 6. e3 c6 7. Bd3 Be6 8. Nge2 h6 9. Bh4 g5 10. Bg3 Nh5 11. a3 Nd7 12. Qc2 Nxg3 13. Nxg3 h5 14. Nf5 Bxf5 15. Bxf5 Kf8 16. O-O Bd6 17. e4 dxe4 18. Nxe4 Nb6 19. Qb3 Be7 20. Qd3 Qd5 21. Nc3 Qc4 22. Qd2 Bf6 23. Rfd1 Rd8 24. Ne2 Qd5 25. Bc2 h4 26. Nc3 Qxd4 27. Qe2 Qf4 28. Rxd8+ Bxd8 29. Rd1 Bc7 30. g3 hxg3 31. hxg3 Qf6 32. Be4 Be5 33. Qg4 Bd4 34. Bf3 Bxc3 35. bxc3 Kg7 36. Kg2 Qh6 37. Qd4+ Qf6 38. Qg4 Qh6 39. Qd4+ Qf6 40. Qg4 1/2-1/2

[Event "EYCC Girls U16 2021"]
[Site "Tornelo"]
[Date "2021.10.15"]
[Round "9.10"]
[White "Mroz, Lena"]
[Black "Batagan, Ilinca-Petra"]
[Result "1-0"]
[ECO "B80"]
[WhiteElo "1775"]
[BlackElo "1977"]
[Annotator "ChessBase"]
[PlyCount "47"]
[EventDate "2021.10.15"]
[EventType "swiss"]
[EventCountry "NET"]
[SourceTitle "playchess.com"]
[Source "ChessBase"]
[SourceQuality "1"]
[TimeControl "5400+30"]

1. e4 c5 2. Nf3 d6 3. d4 cxd4 4. Nxd4 Nf6 5. Nc3 a6 6. Qf3 e6 7. Be3 Be7 8. O-O-O Qc7 9. g4 Nc6 10. g5 Nd7 11. Qh5 O-O 12. Rg1 b5 13. Rg3 Rd8 14. f4 Nf8 15. Nxc6 Qxc6 16. Bd3 d5 17. Bd4 Bc5 18. Bxg7 Kxg7 19. Qh6+ Kg8 20. exd5 Qd6 21. Bxh7+ Nxh7 22. g6 Be3+ 23. Kb1 Qxf4 24. gxh7+ 1-0

[Event "EYCC Girls U16 2021"]
[Site "Tornelo"]
[Date "2021.10.15"]
[Round "9.11"]
[White "Doll, Rebecca"]
[Black "Volovich, Julia"]
[Result "0-1"]
[ECO "C04"]
[WhiteElo "1970"]
[BlackElo "1742"]
[Annotator "ChessBase"]
[PlyCount "58"]
[EventDate "2021.10.15"]
[EventType "swiss"]
[EventCountry "NET"]
[SourceTitle "playchess.com"]
[Source "ChessBase"]
[SourceQuality "1"]
[TimeControl "5400+30"]

1. e4 e6 2. d4 d5 3. Nd2 Nc6 4. Ngf3 Nf6 5. e5 Nd7 6. Be2 f6 7. exf6 Qxf6 8. Nf1 Bd6 9. Ne3 O-O 10. O-O Qg6 11. c4 Nf6 12. c5 Be7 13. Bb5 Nd7 14. Bxc6 bxc6 15. b4 a5 16. bxa5 e5 17. Nxe5 Nxe5 18. dxe5 Bxc5 19. Kh1 Qe4 20. Bb2 Ba6 21. Qc1 Bxe3 22. Qxe3 Qxe3 23. fxe3 Rxf1+ 24. Rxf1 Bxf1 25. Kg1 Bc4 26. Bc3 Kf7 27. a3 Ke6 28. Kf2 Rf8+ 29. Kg3 Rf1 0-1

[Event "EYCC Girls U16 2021"]
[Site "Tornelo"]
[Date "2021.10.15"]
[Round "9.12"]
[White "Perez Garcia, Jimena"]
[Black "Mihaljevic, Eva"]
[Result "1/2-1/2"]
[ECO "A91"]
[WhiteElo "1914"]
[BlackElo "1708"]
[Annotator "ChessBase"]
[PlyCount "40"]
[EventDate "2021.10.15"]
[EventType "swiss"]
[EventCountry "NET"]
[SourceTitle "playchess.com"]
[Source "ChessBase"]
[SourceQuality "1"]
[TimeControl "5400+30"]

1. d4 e6 2. c4 f5 3. g3 Nf6 4. Bg2 Be7 5. Nh3 O-O 6. O-O d6 7. b3 Nc6 8. Bb2 Qe8 9. Nc3 e5 10. Rc1 Nxd4 11. Nd5 Nxd5 12. cxd5 c5 13. e3 Nb5 14. a4 Nc7 15. Bxe5 dxe5 16. d6 Ne6 17. dxe7 Qxe7 18. Qd5 e4 19. f3 exf3 20. Rxf3 Rd8 1/2-1/2